 Dungeon Crawl Stone Soup version 0.27-a0-1105-g946c659c87 (webtiles) character file.

Game seed: 2243582783567446318

3109 rjrrt the Cleaver (level 9, 0/68 HPs)
             Began as a Demonspawn Berserker on Apr 29, 2021.
             Was a Priest of Trog.
             Slain by a kobold brigand
             ... wielding a +0 dagger
              (3 damage)
             ... on level 6 of the Dungeon.
             The game lasted 00:12:07 (8122 turns).

rjrrt the Cleaver (Demonspawn Berserker)            Turns: 8122, Time: 00:12:08

Health: 0/68       AC: 11    Str: 21    XL:     9   Next: 60%
Magic:  9/9        EV:  9    Int:  8    God:    Trog [***...]
Gold:   373        SH:  0    Dex: 13    Spells: 8/8 levels left

rFire    . . .     SeeInvis .   a - +1 war axe
rCold    . . .     Faith    .   (no shield)
rNeg     . . .     Spirit   .   k - +0 chain mail
rPois    .         Reflect  .   (no helmet)
rElec    .         Harm     .   n - +1 cloak
rCorr    +         Rampage  .   (no gloves)
Will     ++...                  (no boots)
Stlth    ..........             (no amulet)
HPRegen  1.21/turn              i - ring of resist corrosion
MPRegen  0.11/turn              (no ring)

@: lethally poisoned (0 -> -2), strong-willed, regenerating, slowed, very slow
A: claws 2, demonic guardian 1, ignite blood 2
a: Renounce Religion, Berserk, Trog's Hand


You were on level 6 of the Dungeon.
You worshipped Trog.
Trog was most pleased with you.
You visited 1 branch of the dungeon, and saw 6 of its levels.

You collected 373 gold pieces.

Inventory:

Hand Weapons
 a - a +1 war axe (weapon)
 b - a +5 trident
 c - a +1 antimagic whip
Armour
 k - a +0 chain mail (worn)
 n - a +1 cloak (worn)
Jewellery
 i - a ring of resist corrosion (left claw)
Wands
 e - a wand of flame (17)
 g - a wand of iceblast (5)
 p - a wand of polymorph (4)
Scrolls
 l - a scroll of teleportation
 m - a scroll of blinking
 o - a scroll of identify
Potions
 d - a potion of curing
 f - a potion of might
 h - 3 potions of attraction {unknown}
 j - 2 potions of invisibility {unknown}


   Skills:
 + Level 5.3 Fighting
 * Level 10.5 Axes
 + Level 4.2 Armour
 + Level 4.3 Dodging


You had 8 spell levels left.
You didn't know any spells.
Your spell library was empty.

Dungeon Overview and Level Annotations

Branches:
Dungeon (6/15)             Temple (0/1) D:5

Altars:
Elyvilon
Gozag
Hepliaklqana
Nemelex Xobeh
Okawaru
Ru
Uskayaw
Vehumet
Wu Jian

Shops:
D:3 =

Annotations:
D:3 3 runed translucent doors, bande's ghost, amateur GrFi


Innate Abilities, Weirdness & Mutations

You have very sharp fingernails.
A weak demonic guardian rushes to your aid.
Your demonic aura often causes spilled blood to erupt in flames


Message History

You feel very sick.
Aiming: Iceblast
Press: ? - help, Shift-Dir - straight line The mass of ice explodes!
The iceblast engulfs the kobold brigand.
The kobold brigand is lightly wounded.
You feel sick.
The kobold brigand throws a curare-tipped dart.
The curare-tipped dart hits you.
You are more poisoned.
You have difficulty breathing.
You feel as though you will be slow longer.
Unknown command.
Unknown command.
A kobold brigand is nearby!
Unknown command.
Your skin crawls.
You feel strong-willed.
You feel very sick.
Unknown command.
Unknown command.
You feel very sick.
The kobold brigand throws a curare-tipped dart.
The curare-tipped dart hits you.
You are more poisoned.
You have difficulty breathing.
* * * LOW HITPOINT WARNING * * *
A demonic guardian appears!
You feel as though you will be slow longer.
You feel very sick.
The kobold brigand hits you with a +0 dagger.
* * * LOW HITPOINT WARNING * * *
The kobold brigand hits you with a +0 dagger.
* * * LOW HITPOINT WARNING * * *
You closely miss the kobold brigand.
The kobold brigand is lightly wounded.
* * * LOW HITPOINT WARNING * * *
You feel very sick.
The kobold brigand hits you with a +0 dagger.
You die...

#.P..≈≈≈.# #....≈≈≈.#
#....≈≈≈.# #....≈≈≈.#
#....≈≈≈.#.#
#....≈≈###'#
#....≈≈#...##########
#...K≈≈#.g.#.........
#...@≈≈#####≈≈≈≈≈≈≈≈≈
#....5≈≈≈≈≈≈≈≈≈≈≈≈≈≈≈
#....≈≈≈≈≈≈≈≈≈≈≈≈≈≈≈≈
#.[............P.....
#......P.............
#####################


You could see a kobold brigand (ally target) and a friendly iron imp (summoned).

Vanquished Creatures
  Pikel (D:6)
  A troll (D:5)
  Prince Ribbit (D:5)
  Eustachio (D:6)
  A warg (D:6)
  An orc warrior (D:6)
  An ice beast (D:6)
  A necrophage (D:5)
  A sky beast (D:5)
  3 ogres
  2 phantoms
  2 scorpions (D:4)
  A water moccasin skeleton (D:6)
  6 howler monkeys (D:6)
  2 centaur zombies (D:6)
  6 hounds
  2 orc priests
  3 iguanas
  A jelly (D:6)
  A centaur skeleton (D:4)
  Jessica (D:3)
  2 bullfrog skeletons
  Terence (D:3)
  4 orc wizards (D:5)
  5 gnolls
  6 adders
  An ufetubus (D:6)
  3 dart slugs
  10 orcs
  4 bats
  8 endoplasms
  8 giant cockroaches
  7 goblins
  6 hobgoblins
  3 jackals (D:1)
  7 kobolds
  4 quokkas
  9 ball pythons
  2 frilled lizards (D:1)
  A rat (D:1)
130 creatures vanquished.

Vanquished Creatures (collateral kills)
  A howler monkey (D:6)
  An iguana (D:6)
  A frilled lizard (D:3)
3 creatures vanquished.

Vanquished Creatures (others)
  A butterfly (D:4)
  4 plants (D:6)
5 creatures vanquished.

Grand Total: 138 creatures vanquished

Notes
Turn   | Place    | Note
-------+----------+-------------------------------------------
     0 | D:1      | rjrrt the Demonspawn Berserker began the quest for the Orb.
     0 | D:1      | Reached XP level 1. HP: 18/18 MP: 1/1
   115 | D:1      | Reached skill level 3 in Axes
   213 | D:1      | Gained mutation: Your demonic aura sometimes causes spilled
                  | blood to erupt in flames [demonic ancestry]
   213 | D:1      | Reached XP level 2. HP: 23/24 MP: 2/2
   897 | D:1      | Found a faded altar of an unknown god.
  1033 | D:2      | Gained mutation: You have sharp fingernails. [demonic
                  | ancestry]
  1033 | D:2      | Reached XP level 3. HP: 29/29 MP: 3/3
  1120 | D:2      | Reached skill level 4 in Axes
  1327 | D:2      | Reached ** piety under Trog
  1460 | D:2      | Found a sacrificial altar of Ru.
  1765 | D:2      | Gained mutation: You have very sharp fingernails. [demonic
                  | ancestry]
  1765 | D:2      | Reached XP level 4. HP: 35/35 MP: 4/4
  2018 | D:3      | Found Porokupn's Jewellery Shop.
  2084 | D:3      | Noticed Terence
  2100 | D:3      | Reached skill level 5 in Axes
  2100 | D:3      | Killed Terence
  2104 | D:3      | Gained mutation: A weak demonic guardian rushes to your
                  | aid. [demonic ancestry]
  2104 | D:3      | Reached XP level 5. HP: 39/41 MP: 5/5
  2445 | D:3      | Noticed Jessica
  2450 | D:3      | Killed Jessica
  2523 | D:3      | Found a runed translucent gate.
  2524 | D:3      | Found a runed translucent gate.
  2571 | D:3      | Found a runed translucent gate.
  2574 | D:3      | Found an opulent altar of Gozag.
  2575 | D:3      | Noticed a yak
  2575 | D:3      | Noticed bande's ghost (amateur GrFi)
  2642 | D:3      | Found a sparkling altar of Nemelex Xobeh.
  2801 | D:3      | Found an ornate altar of the Wu Jian Council.
  3119 | D:4      | Noticed a phantom
  3138 | D:4      | Killed a phantom
  3139 | D:4      | Reached skill level 6 in Axes
  3139 | D:4      | Reached XP level 6. HP: 12/47 MP: 6/6
  4005 | D:4      | Reached skill level 7 in Axes
  4387 | D:4      | Found a hide-covered altar of Uskayaw.
  4538 | D:4      | Reached XP level 7. HP: 44/52 MP: 7/7
  4950 | D:5      | Entered Level 5 of the Dungeon
  5153 | D:5      | Found a staircase to the Ecumenical Temple.
  5171 | D:5      | Noticed a troll
  5178 | D:5      | Reached *** piety under Trog
  5183 | D:5      | Killed a troll
  5184 | D:5      | Reached skill level 8 in Axes
  5571 | D:5      | Reached skill level 9 in Axes
  5571 | D:5      | Reached XP level 8. HP: 56/58 MP: 8/8
  5869 | D:5      | Noticed Prince Ribbit
  5892 | D:5      | HP: 2/58 [Prince Ribbit (2)]
  5901 | D:5      | Killed Prince Ribbit
  6370 | D:5      | Found an iron altar of Okawaru.
  7228 | D:6      | Found a faded altar of an unknown god.
  7228 | D:6      | Found a faded altar of an unknown god.
  7228 | D:6      | Found a faded altar of an unknown god.
  7230 | D:6      | Found a hazy altar of Hepliaklqana.
  7306 | D:6      | Gained mutation: Your demonic aura often causes spilled
                  | blood to erupt in flames [demonic ancestry]
  7306 | D:6      | Reached XP level 9. HP: 44/66 MP: 9/9
  7322 | D:6      | Reached skill level 10 in Axes
  7605 | D:6      | Noticed Eustachio
  7645 | D:6      | Killed Eustachio
  7705 | D:6      | Noticed Pikel
  7710 | D:6      | Killed Pikel
  7711 | D:6      | Reached skill level 5 in Fighting
  7711 | D:6      | Found a radiant altar of Vehumet.
  8122 | D:6      | HP: 3/68 [poisoned by kobold brigand (curare-tipped dart)]
  8122 | D:6      | Slain by a kobold brigand

Illustrated notes

Levels and vault maps discovered:
D:1:      psy_arrival_spokes, layout_loops_cross,
          shapermc_ecumenical_altar_hornbeckon, kennysheep_crisscross,
          patterned_corridor
D:2:      layout_loops_corners, basic_altar, minmay_worlds_worst_comb
D:3:      layout_loops_ring, nicolae_wu_jian_immortal_techniques,
          old_standard_altar, serial_shops, nicolae_shop_crystal,
          ebering_ghost_gozag, uniq_jessica, uniq_terence
D:4:      layout_loops_corners, nicolae_elyvilon_peaceful_grove,
          nicolae_uskayaw_suspiria
D:5:      layout_loops_ring, okawaru_altar_gauntlet_db,
          minmay_temple_entry_ruins, uniq_prince_ribbit1
D:6:      lemuel_castle_with_subvaults [lemuel_castle_interior_carwin_2],
          layout_gridville, nicolae_hepliaklqana_ecumenical_no_more,
          vehumet_altar_wand_db, uniq_pikel, uniq_eustachio, uniq_maggie

Skill      XL: |  1  2  3  4  5  6  7  8  9 |
---------------+----------------------------+-----
Axes           | 3 4 5 6 7 9 10 | 10.5
Armour         | 3 4 |  4.2
Dodging        | 3 4 |  4.3
Fighting       | 4 5 |  5.3

Action                   |  1- 3 |  4- 6 |  7- 9 || total
-------------------------+-------+-------+-------++-------
Melee: Hand axe          |   122 |   100 |       ||   222
       War axe           |       |     9 |   215 ||   224
Invok: Berserk           |     4 |     8 |     8 ||    20
       Trog's Hand       |       |       |     2 ||     2
Evoke: Wand              |       |       |     7 ||     7
  Use: Scroll            |       |     6 |     3 ||     9
       Potion            |       |       |     1 ||     1
 Stab: Sleeping          |     1 |       |       ||     1
Armor: Animal skin       |    15 |       |       ||    15
       Scale mail        |    40 |    32 |    62 ||   134
       Skin              |       |       |    27 ||    27
Dodge: Dodged            |    96 |    34 |    91 ||   221

Table legend: (Time is in decaauts)
 A = Elapsed time spent in this place.
 B = Non-inter-level travel time spent in this place.
 C = Inter-level travel time spent in this place.
 D = Time resting spent in this place.
 E = Time spent auto-exploring this place.
 F = Levels seen in this place.
 G = Mean time per level.
                   A        B        C        D        E       F      G
               +--------+--------+--------+--------+--------+-----+--------+
         Total |   8344 |   8208 |    136 |   1645 |   5312 |   6 | 1390.7 |
       Dungeon |   8344 |   8208 |    136 |   1645 |   5312 |   6 | 1390.7 |
               +--------+--------+--------+--------+--------+-----+--------+

Top non-repeatable levels by time:
     D:4: 1772 daAuts
     D:6: 1673 daAuts
     D:5: 1587 daAuts
     D:3: 1256 daAuts
     D:1: 1087 daAuts
     D:2: 967 daAuts
